 Dungeon Crawl Stone Soup version 0.30.0-17-ge0270778cf (webtiles) character file.

Game seed: 6830561746569955132

84 NateTC the Magician (level 4, -1/24 HPs)
             Began as a Deep Elf Earth Elementalist on May 21, 2023.
             Slain by Robin
             ... wielding a +1 short sword of flaming
              (2 damage)
             ... on level 3 of the Dungeon.
             The game lasted 00:04:25 (1891 turns).

NateTC the Magician (Deep Elf Earth Elementalist)   Turns: 1891, Time: 00:04:26

Health: -1/24      AC:  5    Str:  5    XL:     4   Next: 24%
Magic:  8/12       EV: 12    Int: 22    God:
Gold:   92         SH:  0    Dex: 15    Spells: 7/11 levels left

rFire   . . .        (no weapon)
rCold   . . .        (no shield)
rNeg    . . .        a - +2 robe
rPois   .            (no helmet)
rElec   .            (no cloak)
rCorr   .            c - +0 pair of gloves
SInv    .            (no boots)
Will    .....        (no amulet)
Stlth   ++           (no ring)
HPRegen 0.24/turn    (no ring)
MPRegen 0.13/turn

%: no passive effects
@: no status effects
A: no striking features
a: no special abilities


You were on level 3 of the Dungeon.
You visited 1 branch of the dungeon, and saw 3 of its levels.

You collected 92 gold pieces.

Inventory:

Armour
 a - a +2 robe (worn)
 c - a +0 pair of gloves (worn)
Wands
 e - a wand of flame (25)
Potions
 d - 2 potions of curing {unknown}
 f - a potion of haste
 g - a potion of lignification {unknown}
 h - a potion of flight
 i - a potion of degeneration {unknown}
 j - a potion of attraction {unknown}


   Skills:
 - Level 2.4 Dodging
 - Level 2.4 Stealth
 + Level 4.0 Spellcasting
 * Level 3.0 Conjurations
 - Level 1.1 Transmutations
 + Level 3.9 Earth Magic


You had 7 spell levels left.
You knew the following spells:

 Your Spells              Type           Power      Damage    Failure   Level
a - Sandblast             Erth           42%        2d11      2%          1
b - Stone Arrow           Conj/Erth      38%        3d9       8%          3

Your spell library contained the following spells:

 Spells                   Type           Power      Damage    Failure   Level
 Passwall                 Tmut/Erth      12%        N/A       6%          2
 Lesser Beckoning         Tloc           8%         N/A       17%         2
 Gell's Gravitas          Tloc           4%         N/A       32%         3
 Teleport Other           Tloc           4%         N/A       32%         3
 Petrify                  Tmut/Erth      15%        N/A       36%         4


Dungeon Overview and Level Annotations

Branches:
Dungeon (3/15) Zot: 16074

Altars:
Dithmenos
Wu Jian

Annotations:
D:3 Robin


Message History

The goblin hits you but does no damage. The hobgoblin hits you.
* * * LOW HITPOINT WARNING * * *
The goblin hits you but does no damage.
Your Conjurations skill increases to level 3!
Casting: Sandblast (safe; 2% risk of failure)
Confirm with . or Enter, or press ? or * to list all spells.
Aiming: Sandblast (safe; 2% risk of failure)
Press: ? - help, Shift-Dir - straight line, f - hobgoblin
Aim: a hobgoblin (severely wounded, strong, 83% to hit)
The blast of sand hits the hobgoblin!
You kill the hobgoblin!
The goblin closely misses you. Robin throws the goblin at you!
Casting: Sandblast (safe; 2% risk of failure)
Confirm with . or Enter, or press ? or * to list all spells.
Aiming: Sandblast (safe; 2% risk of failure)
Press: ? - help, Shift-Dir - straight line, f - goblin
Aim: a goblin, wielding a +0 club (strong, 79% to hit)
The blast of sand hits the goblin!
You kill the goblin!
The goblin barely misses you. Robin throws the goblin at you!
The goblin barely misses you. x2; The goblin closely misses you.
Casting: Sandblast (safe; 2% risk of failure)
Confirm with . or Enter, or press ? or * to list all spells.
Aiming: Sandblast (safe; 2% risk of failure)
Press: ? - help, Shift-Dir - straight line, f - goblin
Aim: a goblin, wielding a +0 club (strong, 79% to hit)
The blast of sand hits the goblin!
You kill the goblin!
The goblin no longer looks unusually strong.
The goblin hits you with a +0 dagger.
* * * LOW HITPOINT WARNING * * *
Casting: Sandblast (safe; 2% risk of failure)
Confirm with . or Enter, or press ? or * to list all spells.
Aiming: Sandblast (safe; 2% risk of failure)
Press: ? - help, Shift-Dir - straight line, f - Robin
Aim: Robin, wielding a +1 short sword of flaming, wearing a +0 animal skin and wearing a +0 helmet (87% to hit)
The blast of sand hits Robin!
Robin is severely wounded.
Robin hits you with a +1 short sword of flaming.
You die...

###########
........#§#
.....
.###########
....
.....###...###
....
.....#§#._.#§#
#..
.....####.####
#w.
.....##§#.#§#
#.# .....##
#.### #g#
.....####.#
#@#
..†.......#
#g#
.....######
#)# ####.# #.#
#.# #.# ## #.#
####.# .# #.#
#....# .###.#
##.##.# ...#.#
##...###


You could see Robin, a dart slug and a goblin.

Vanquished Creatures
  Jessica (D:2)
  A worm (D:2)
  A dart slug (D:1)
  7 ball pythons
  3 bats
  3 endoplasms
  2 giant cockroaches (D:2)
  5 goblins
  8 hobgoblins
  2 jackals (D:3)
  5 kobolds
  5 quokkas
  A frilled lizard (D:1)
  4 rats
48 creatures vanquished.

Notes
Turn   | Place    | Note
-------+----------+-------------------------------------------
     0 | D:1      | NateTC the Deep Elf Earth Elementalist began the quest for
                  | the Orb.
     0 | D:1      | Reached XP level 1. HP: 10/10 MP: 6/6
   141 | D:1      | Reached skill level 1 in Conjurations
   274 | D:1      | Reached XP level 2. HP: 15/15 MP: 6/8
  1241 | D:2      | Noticed Jessica
  1246 | D:2      | Killed Jessica
  1247 | D:2      | Reached XP level 3. HP: 19/19 MP: 6/10
  1655 | D:2      | Learned a level 3 spell: Stone Arrow
  1807 | D:3      | Found an ornate altar of the Wu Jian Council.
  1831 | D:3      | Found a shadowy altar of Dithmenos.
  1836 | D:3      | Reached XP level 4. HP: 24/24 MP: 9/11
  1871 | D:3      | Noticed Robin
  1885 | D:3      | Reached skill level 4 in Spellcasting
  1887 | D:3      | HP: 1/24 [hobgoblin[Robin] (2)]
  1891 | D:3      | Slain by Robin

Illustrated notes

Levels and vault maps discovered:
D:1:      minmay_arrival_jagged, layout_loops_ring, nrook_mini_vaults
D:2:      layout_loops_ring, nicolae_underground_beach, uniq_jessica
D:3:      layout_basic, fedhas_altar_4, pdpol_wu_jian_five_deadly_venoms,
          lemuel_round_altar, xom_redecorated,
          hellmonk_ecumenical_altar_run_dry, uniq_robin

Skill      XL: |  1  2  3  4 |
---------------+-------------+-----
Conjurations   | 1 2 3 |  3.0
Spellcasting   | 4 |  4.0
Dodging        | |  2.4
Stealth        | |  2.4
Transmutations | |  1.1
Earth Magic    | |  3.9

Action                     |  1- 3 |  4- 6 || total
---------------------------+-------+-------++-------
   Cast: Sandblast         |    48 |    18 ||    66
    Use: Scroll            |     6 |       ||     6
         Potion            |       |     1 ||     1
 Armour: Robe              |     3 |    15 ||    18
  Dodge: Dodged            |     6 |    19 ||    25
